 Dungeon Crawl Stone Soup version 0.22-a0-419-g492bfec (webtiles) character file.

37 4thArraOfDagon the Grasshopper (level 3, 0/29 HPs)
             Began as a Demigod Warper on May 15, 2018.
             Succumbed to an adder's poison
             ... on level 2 of the Dungeon.
             The game lasted 00:01:21 (413 turns).

4thArraOfDagon the Grasshopper (Demigod Warper)      Turns: 413, Time: 00:01:22

Health: 0/29       AC:  5    Str: 14    XL:     3   Next: 7%
Magic:  8/8        EV: 11    Int: 19    God:
Gold:   18         SH:  0    Dex: 15    Spells: 6/6 levels left

rFire    + . .     SeeInvis .   a - +0 mace
rCold    + . .     Gourm    .   (no shield)
rNeg     . . .     Faith    .   l - +0 ring mail
rPois    +         Spirit   .   (no helmet)
rElec    +         Reflect  .   (no cloak)
rCorr    +         Harm     .   (no gloves)
MR       .....                  (no boots)
Stlth    +.........             (no amulet)
HPRegen  0.09/turn              (no ring)
MPRegen  0.11/turn              (no ring)

@: lethally poisoned (0 -> -7), resistant, flying, hasted, very quick
A: high mp 1
a: no special abilities


You were on level 2 of the Dungeon.
You were not hungry.

You visited 1 branch of the dungeon, and saw 2 of its levels.

You collected 18 gold pieces.

Inventory:

Hand Weapons
 a - a +0 mace (weapon)
Missiles
 e - 5 tomahawks of dispersal (quivered)
Armour
 l - a +0 ring mail (worn)
Scrolls
 b - a scroll of amnesia {unknown}
 d - a scroll of blinking
 i - 2 scrolls of identify {unknown}
 j - a scroll of fog {unknown}
 k - a scroll of magic mapping {unknown}
 m - a scroll of remove curse {unknown}
 n - a scroll of enchant armour {unknown}
Potions
 c - a potion of resistance
Comestibles
 f - 4 rations


   Skills:
 + Level 2.2 Fighting
 * Level 2.6 Maces & Flails
 - Level 0.8 Throwing
 - Level 1.0 Armour
 - Level 2.0 Dodging
 - Level 2.0 Spellcasting
   Level 2.6 Translocations


You had 6 spell levels left.
You didn't know any spells.
Your spell library contained the following spells:

 Spells                   Type           Power        Failure   Level  Hunger
 Teleport Other           Tloc           ##......     34%         3    ###....
 Blink                    Tloc           N/A          17%         2    ###....
 Passage of Golubria      Tloc           N/A          75%         4    #####..
 Shroud of Golubria       Chrm/Tloc      #.........   30%         2    ###....
 Gell's Gravitas          Tloc           ##........   34%         3    ###....
 Lesser Beckoning         Tloc           ##........   34%         3    ###....


Dungeon Overview and Level Annotations

Branches:
Dungeon (2/15)


Innate Abilities, Weirdness & Mutations

You have an increased reservoir of magic. (+10% MP)


Message History

Unknown command.
It was a potion of haste.
You feel yourself speed up. The dart slug bites you.
* * * LOW HITPOINT WARNING * * *
Unknown command.
You hit the dart slug.
The dart slug is heavily wounded.
* * * LOW HITPOINT WARNING * * *
You feel sick.
You hit the dart slug.
The dart slug is almost dead.
The dart slug launches a dart at you. The slug dart hits you!
* * * LOW HITPOINT WARNING * * *
You hit the dart slug.
You kill the dart slug!
* * * LOW HITPOINT WARNING * * *
You feel sick.
Unknown command.
You see here a dart slug corpse.
You die...

.......?.....#
....w........#
.............#
..=..........# ########
............###
####......## ....#.......)#
.##........### ##.......#
............#######.......#
...............†@.........#
##..........####..........#
##..........# #..........#
.>..........####..........#
>..................########
............####...#
..^.........# #...#
##.........[# #...#
#..........# #####


There were no monsters in sight!

Vanquished Creatures
  2 adders (D:2)
  A dart slug (D:2)
  A giant cockroach (D:1)
  2 goblins (D:1)
  3 hobgoblins
  4 kobolds
  A bat (D:1)
  3 rats
17 creatures vanquished.

Notes
Turn   | Place    | Note
-------+----------+-------------------------------------------
     0 | D:1      | 4thArraOfDagon the Demigod Warper began the quest for the Orb.
     0 | D:1      | Reached XP level 1. HP: 17/17 MP: 5/5
    83 | D:1      | Reached skill level 1 in Armour
   225 | D:1      | Reached XP level 2. HP: 20/24 MP: 7/7
   405 | D:2      | Reached XP level 3. HP: 8/29 MP: 8/8
   411 | D:2      | HP: 1/29 [poisoned by an adder]
   413 | D:2      | Succumbed to an adder's poison

Vault maps used:
D:1:      nagdon_arrival_zigzag_paths, lemuel_another_geyser
D:2:      minmay_bisected

Skill      XL: |  1  2 |
---------------+-------+-----
Armour         | 1 |  1.0
Maces & Flails | 2 |  2.6
Dodging        | 2 |  2.0
Fighting       | 2 |  2.2
Spellcasting   | 2 |  2.0
Throwing       | |  0.8
Translocations | |  2.6

Action                   || total
-------------------------++-------
Melee: Mace              ||    59
  Use: Potion            ||     3
Armor: Leather armour    ||     7
       Ring mail         ||     9
Dodge: Dodged            ||    41

Table legend:
 A = Spawn XP
 B = Non-spawn XP
 C = Spawn XP percentage of total XP
 D = Spawn monster count
 E = Non-spawn monster count
 F = Spawn count percentage of total count
 G = Total turns spent on level
                    A         B        C        D         E        F      G
               +---------+---------+-------+---------+---------+-------+---------
         Total |       0 |      53 |   0.0 |       0 |      17 |   0.0 |   413
               +---------+---------+-------+---------+---------+-------+---------
           D:1 |       0 |      16 |   0.0 |       0 |      10 |   0.0 |   262
           D:2 |       0 |      37 |   0.0 |       0 |       7 |   0.0 |   151
               +---------+---------+-------+---------+---------+-------+---------
